[Event "Late-Titled-Tuesday-Blitz-June-04-2024"]
[Site "Chess.com"]
[Date "2024.06.04"]
[Round "1"]
[White "slidingknight2775"]
[Black "PapaieDudu"]
[Result "1-0"]
[WhiteElo "2658"]
[BlackElo "2348"]
[TimeControl "180+1"]
[EndTime "14:08:28 PDT"]
[Termination "slidingknight2775 won by resignation"]

1. d4 d5 2. c4 e6 3. Nf3 Nf6 4. g3 Be7 5. Bg2 O-O 6. O-O dxc4 7. Qc2 a6 8. a4 Nbd7 9. Qxc4 b5 10. Qc2 Bb7 11. Bg5 c5 12. dxc5 Nxc5 13. Bxf6 gxf6 14. Rd1 Qb6 15. a5 Qa7 16. Nbd2 Rac8 17. e3 Rfd8 18. Nb3 Be4 19. Rxd8+ Rxd8 20. Qc3 Rd3 21. Nxc5 Rxc3 22. Nxe4 Rc8 23. Nd4 Qd7 24. Bf3 f5 25. Nc3 e5 26.
Nde2 e4 27. Bh5 Bf6 28. Rd1 Qe6 29. Nd5 Bxb2 30. Nef4 Qe8 31. g4 Qe5 32. g5 Rc1 33.
Nf6+ Kg7 34. h4 Rxd1+ 35. Bxd1 Kh8 36. Bb3 Qc7 37. h5 Bxf6 38. gxf6 Qe5 39. Bxf7 Qxf6 40.
Bd5 Qa1+ 41. Kg2 Qxa5 42. Be6 b4 43. h6 Qe5 44. Bb3 a5 45. Ne6 Qc3 46. Bd5 b3 47.
Ng5 Qf6 48. Nf7+ Qxf7 49. Bxf7 a4 50. Bc4 b2 51. Ba2 a3 52. Bb1 Kg8 53. Kg3 Kf8 54.
Kf4 Ke7 55. Kxf5 Kd6 56. Kxe4 Kc5 57. Kd3 Kb4 58. Kc2 Kc4 59. Ba2+ Kb4 60. f4 Kc5 61. Kc3 Kd6 62. Kb3 Kc5 63. Kxa3 Kb5 64. Kxb2 1-0

[Event "Late-Titled-Tuesday-Blitz-June-04-2024"]
[Site "Chess.com"]
[Date "2024.06.04"]
[Round "1"]
[White "Felix-Rose"]
[Black "ansko1999"]
[Result "0-1"]
[WhiteElo "2346"]
[BlackElo "2648"]
[TimeControl "180+1"]
[EndTime "14:08:28 PDT"]
[Termination "ansko1999 won by checkmate"]

1. e4 c5 2. Nf3 Nf6 3. Nc3 d5 4. exd5 Nxd5 5. Bb5+ Bd7 6. Bc4 Nb6 7. Be2 Nc6 8. d4 cxd4 9. Nxd4 g6 10. Be3 Bg7 11.
Qd2 O-O 12. O-O-O Ne5 13. Nf3 Bc6 14. Nxe5 Bxe5 15. Qe1 Qc7 16. Bf3 Bxf3 17. gxf3 Bxc3 18. Qxc3 Qxc3 19. bxc3 Rfd8 20. Bxb6 axb6 21. Kb2 Kg7 22. Rhe1 Kf6 23. Rd4 e5 24. Rb4 Rd6 25. Rb5 Re8 26.
f4 Kf5 27. fxe5 Rde6 28. f4 R8e7 29. Rb4 Re8 30. Rg1 h6 31. h4 f6 32. Rf1 fxe5 33. fxe5+ Kxe5 34. Re1+ Kf6 35. Rf1+ Kg7 36. Rg1 R8e7 37. a4 Rf6 38. Kb3 Rc7 39. Rbg4 Rfc6 40. R1g3 Kh7 41. h5 g5 42. Re4 Kg7 43. Re8 Rf7 44. Rge3 Rcf6 45. Rb8 Rc6 46. Ree8 Rfc7 47. Rf8 Rxc3+ 48. Kb4 R3c4+ 49. Kb5 Rxc2 50. Kxb6 R2c6+ 51. Kb5 Re6 52. Rg8+ Kf6 53. Rbf8+ Ke5 54. Rg6 Rxg6 55. hxg6 Rg7 56. Rf7 Rxg6 57. Rxb7 g4 58. a5 g3 59.
Re7+ Kf6 60. Re1 g2 61. a6 g1=Q 62. Rxg1 Rxg1 63. a7 Ra1 64. Kb6 h5 65. Kb7 h4 66.
a8=Q Rxa8 67. Kxa8 h3 68. Kb7 h2 69. Kc7 h1=Q 70.
Kd7 Qe4 71. Kd6 Qd4+ 72. Kc6 Ke6 73. Kc7 Qc5+ 74. Kd8 Qa7 75. Kc8 Qe7 76. Kb8 Kd6 77. Ka8 Kc6 78. Kb8 Qb7# 0-1

[Event "Late-Titled-Tuesday-Blitz-June-04-2024"]
[Site "Chess.com"]
[Date "2024.06.04"]
[Round "1"]
[White "pinelone"]
[Black "Bryanl106"]
[Result "0-1"]
[WhiteElo "2404"]
[BlackElo "2722"]
[TimeControl "180+1"]
[EndTime "14:08:33 PDT"]
[Termination "Bryanl106 won by checkmate"]

1. Nf3 Nf6 2. c4 g6 3. b3 Bg7 4. Bb2 O-O 5. g3 d6 6. Bg2 e5 7. d3 a5 8. Nc3 Re8 9. O-O Nc6 10. Qd2 Bf5 11. Ng5 Qd7 12. Rad1 h6 13. Nge4 Nxe4 14. dxe4 Bh3 15. Bxh3 Qxh3 16. Nd5 Rac8 17. f3 h5 18. e3 h4 19. g4 Nd8 20. Qg2 Qxg2+ 21. Kxg2 Ne6 22. Kh3 g5 23. Kg2 a4 24. b4 a3 25. Bc1 Ra8 26. Rd3 c6 27. Nc3 Bf8 28.
Rfd1 Rec8 29. Kf2 f6 30. Ke2 Kf7 31. b5 cxb5 32. cxb5 Nc5 33. R3d2 Na4 34. Nd5 Nc3+ 35. Ke1 Nxd1 36. Rxd1 Rc5 37. Bd2 Rxb5 38. Rc1 Rb2 39. Rc7+ Kg6 40. f4 gxf4 41. exf4 exf4 42. Nxf4+ Kg5 43.
h3 Rxd2 44. Kxd2 Kxf4 45. Ke2 Kg3 46. Rc3+ Kg2 47. Ke3 Bh6+ 48. Ke2 Bf4 49. Rf3 Bg3 50. Rd3 Kxh3 51. Kf3 Re8 52. Rd1 Kh2 53. Rd2+ Kh3 54.
Rd1 Rc8 55. Rd3 Rc1 56. Rd2 Rf1+ 57. Ke3 Re1+ 58. Kd3 Rf1 59. Rc2 Rf2 60. Rc7 Kg2 61. Ke3 h3 62. Rc3 h2 63. Kd4 h1=Q 64. Kd5 Qd1+ 65.
Ke6 Qxg4+ 66. Ke7 Qg7+ 67. Ke6 Qg8+ 68. Kd7 d5 69. exd5 Qxd5+ 70. Kc8 Qe6+ 71. Kxb7 Rb2+ 72. Ka8 Qa6# 0-1

[Event "Late-Titled-Tuesday-Blitz-June-04-2024"]
[Site "Chess.com"]
[Date "2024.06.04"]
[Round "1"]
[White "Caracal3000"]
[Black "AsaHoffmann"]
[Result "1-0"]
[WhiteElo "2586"]
[BlackElo "2268"]
[TimeControl "180+1"]
[EndTime "14:08:34 PDT"]
[Termination "Caracal3000 won by resignation"]

1. e4 d6 2. d4 Nf6 3. Nc3 c6 4. Nf3 Bg4 5. Be2 e6 6. h3 Bh5 7. O-O d5 8. exd5 c5 9. dxe6 fxe6 10. Re1 Nc6 11. d5 exd5 12. Ba6+ Be7 13. Bxb7 Nd4 14. Bxa8 Nxf3+ 15. gxf3 Qxa8 16. Qe2 O-O 17. Bg5 d4 18.
Qe6+ Bf7 19. Qxe7 dxc3 20. Bxf6 Qxf3 21. Bxc3 Qxh3 22. Qg5 Bg6 23. Qg3 Qf5 24. Re3 h5 25. Rae1 h4 26. Qxh4 Bh5 27. Qg3 Rf7 28. Re8+ Kh7 29.
R8e5 Qg4 30. Qxg4 Bxg4 31. Rxc5 Bf3 32. Rg5 g6 33. Rg3 Rf4 34. Rh3+ Kg8 35. Re7 Bh5 36. Rg7+ Kf8 37. Rd3 Ke8 38. Re3+ Kf8 39. Rxa7 Rg4+ 40.
Kf1 Rf4 41. Rh3 Rf5 42. Rxh5 gxh5 43. Ra4 Kf7 44. Bd2 Kg6 45. Rf4 Rd5 46. Be3 Rb5 47. b3 Rd5 48. a4 Rd1+ 49. Ke2 Ra1 50. Rc4 Ra2 51. Rc5 h4 52. Kf3 h3 53. Kg3 Kf6 54.
Kxh3 Ke6 55. Kg3 Kd6 56. Rc4 Kd5 57. Kf3 Rb2 58. Ke2 Ra2 59. Kd2 Ra1 60. Rd4+ Ke5 61.
Rd3 Ra2 62. Kc3 Ke4 63. Rd1 Kf3 64. Rb1 Ke2 65. Bc1 Kd1 66. Bb2+ Ke2 67. f4 Ke3 68. f5 Ke4 69. f6 Kd5 70. f7 1-0

[Event "Late-Titled-Tuesday-Blitz-June-04-2024"]
[Site "Chess.com"]
[Date "2024.06.04"]
[Round "1"]
[White "Agustin_Meza"]
[Black "ImportedItalianMaple"]
[Result "0-1"]
[WhiteElo "2175"]
[BlackElo "2551"]
[TimeControl "180+1"]
[EndTime "14:08:38 PDT"]
[Termination "ImportedItalianMaple won by resignation"]

1. e4 g6 2. d4 Bg7 3. Nf3 d6 4. Bg5 h6 5. Bh4 g5 6. Bg3 b6 7. c3 Bb7 8. Bd3 Nd7 9. Nbd2 e6 10. Qe2 Ne7 11. h3 a6 12. e5 dxe5 13. Nxe5 Nf6 14. Ne4 Nf5 15. Nxf6+ Qxf6 16. Be4 O-O-O 17. Bxb7+ Kxb7 18.
Qe4+ Rd5 19. c4 Nd6 20. Qe3 Nf5 21. Qe4 Nd6 22. Qe3 Nf5 23. cxd5 Nxe3 24. fxe3 exd5 25. Rf1 Qd6 26. Kf2 Re8 27. Kg1 Bxe5 28. Bxe5 Rxe5 29.
dxe5 Qxe5 30. Rxf7 Qxe3+ 31. Kh1 d4 32. Rd1 b5 33. Rd7 Qe2 34. R1xd4 Qxb2 35. Rd2 Qc1+ 36. Rd1 Qc4 37. R1d2 a5 38. R7d4 Qc6 39. Rd7 b4 40.
R7d3 Kb6 41. Kh2 Qc5 42. Rf3 Qe5+ 43. g3 c6 44. Rdf2 a4 45. Rf6 Qc5 46. R2f5 Qc2+ 47. Rf2 Qc4 48. Rxh6 b3 49. axb3 axb3 50. Rhf6 Kb5 51.
R6f3 c5 52. Kg2 Kb4 53. h4 gxh4 54. gxh4 Qg4+ 55. Rg3 Qxh4 56. Kf3 Qd4 57. Rg4 Qxg4+ 58. Kxg4 c4 59. Kf3 c3 60. Ke3 b2 61. Rf8 c2 62.
Rb8+ Kc3 63. Rc8+ Kb3 64. Rb8+ Ka2 65. Rc8 c1=Q+ 66. Rxc1 bxc1=Q+ 0-1

[Event "Late-Titled-Tuesday-Blitz-June-04-2024"]
[Site "Chess.com"]
[Date "2024.06.04"]
[Round "1"]
[White "JonasGallasch"]
[Black "rasmussvane"]
[Result "0-1"]
[WhiteElo "2497"]
[BlackElo "2927"]
[TimeControl "180+1"]
[EndTime "14:08:39 PDT"]
[Termination "rasmussvane won by resignation"]

1. d4 d5 2. c4 e6 3. Nc3 a6 4.
cxd5 exd5 5. Nf3 Nf6 6. Bg5 Be6 7. e3 Nbd7 8. Be2 Bd6 9. O-O c6 10. Qd2 O-O 11. Bd3 Bg4 12. Nh4 Qc7 13. Bf4 Rfe8 14. Bxd6 Qxd6 15. h3 Be6 16. Nf5 Bxf5 17. Bxf5 Nb6 18. b3 g6 19. Bc2 Qd7 20. Rac1 Re7 21. a4 Rae8 22. a5 Nc8 23. Na4 Nd6 24. Nc5 Qd8 25. Bd3 Kg7 26. Qb4 h5 27. Bb1 Rc7 28.
Rfe1 Qe7 29. Qd2 Nd7 30. Nxd7 Rxd7 31. f3 Qg5 32. Re2 Rde7 33. Rce1 Re6 34. Bd3 f5 35. Kh1 Qf6 36. Bb1 R8e7 37. Qd3 Kf8 38. Bc2 Re8 39. Kg1 Qd8 40. b4 Qf6 41. Kh1 Kg7 42. Bb1 R8e7 43. Bc2 Qf8 44. Bb1 Re8 45. Ba2 R6e7 46. Bb1 Qf6 47. Kg1 Nb5 48. Bc2 f4 49. Ba4 Nd6 50. e4 Qg5 51. e5 Nf5 52. Bc2 Re6 53.
Rf2 Ne3 54. Qd2 Kh6 55. Kh1 Kg7 56. Rfe2 R8e7 57. Rxe3 fxe3 58. Qxe3 Qxe3 59. Rxe3 g5 60. g3 h4 61. gxh4 gxh4 62. f4 Rh6 63. f5 Kf8 64. f6 Rxf6 65. Kg2 Rf4 66. Rf3 Rg7+ 67.
Kf2 Rxf3+ 68. Kxf3 Rg3+ 69. Kf4 Rxh3 70. e6 Ke7 71.
Bf5 Rb3 0-1

[Event "Late-Titled-Tuesday-Blitz-June-04-2024"]
[Site "Chess.com"]
[Date "2024.06.04"]
[Round "1"]
[White "sari07"]
[Black "andrew-blr"]
[Result "1/2-1/2"]
[WhiteElo "2362"]
[BlackElo "2654"]
[TimeControl "180+1"]
[EndTime "14:08:39 PDT"]
[Termination "Game drawn by repetition"]

1. d4 d5 2. Nf3 Nf6 3. e3 c5 4. c3 e6 5. Bd3 Nc6 6. O-O Bd6 7. dxc5 Bxc5 8. Nbd2 O-O 9. e4 h6 10. Qe2 Bb6 11.
c4 dxc4 12. Nxc4 e5 13. Nfxe5 Nxe5 14. Nxe5 Re8 15. Bf4 Bd4 16. Nf3 Bf5 17. Nxd4 Qxd4 18. Be3 Qe5 19. exf5 Rad8 20. Rad1 h5 21. Bb5 Ng4 22.
g3 Rxd1 23. Rxd1 Rc8 24. Bf4 Qf6 25. h3 Nh6 26. Bxh6 Qxh6 27. Qe3 Qf6 28. Qf3 Qxb2 29. Qxb7 Rf8 30. a4 a5 31. Bc6 Qc2 32. Rd5 h4 33.
Kg2 hxg3 34. Kxg3 Qc3+ 35. Kg2 Qe1 36. Qd7 Qe4+ 37. f3 Qe2+ 38. Kg3 Qe1+ 39. Kf4 Rb8 40.
Rd4 Qc1+ 41. Kg4 Qg1+ 42. Kf4 Qc1+ 43. Kg3 Qg5+ 44. Rg4 Qf6 45. Qd5 Rb1 46. Qc5 Qd8 47. Be4 Rb4 48. f6 g6 49. Qg5 Qb8+ 50. Kh4 Qh2 51.
Qh6 Qf2+ 52. Rg3 Rxe4+ 53. fxe4 Qxf6+ 54. Qg5 Qh8+ 55. Kg4 Qd4 56. Qf4 Qd1+ 57. Qf3 Qd7+ 58. Kg5 Qe7+ 59. Qf6 Qxe4 60. Qd8+ Kh7 61. Rg4 Qf5+ 62.
Kh4 Qf2+ 63. Rg3 Qf4+ 64. Rg4 Qf2+ 65. Rg3 Qf4+ 66. Rg4 Qf2+ 1/2-1/2

[Event "Late-Titled-Tuesday-Blitz-June-04-2024"]
[Site "Chess.com"]
[Date "2024.06.04"]
[Round "1"]
[White "dealshark"]
[Black "carokannlover213"]
[Result "1-0"]
[WhiteElo "2427"]
[BlackElo "2717"]
[TimeControl "180+1"]
[EndTime "14:08:40 PDT"]
[Termination "dealshark won on time"]

1. e4 e6 2. e5 c5 3. c3 d6 4. Nf3 Nc6 5. exd6 Bxd6 6. Bb5 Ne7 7. d4 O-O 8. dxc5 Bxc5 9. O-O Qc7 10. Bg5 Nd5 11. Qe2 h6 12. Bh4 a6 13. Ba4 Nf4 14. Qe4 Ng6 15. Bg3 Qb6 16. b4 Be7 17. Bc2 Bf6 18.
h4 Nxb4 19. cxb4 Bxa1 20. h5 f5 21. Qc4 Ne7 22. Nc3 Bxc3 23. Qxc3 Nd5 24. Qe5 Bd7 25.
a3 Rac8 26. Bb3 Bb5 27. Re1 Bc4 28. Ba4 Bb5 29. Bb3 Bc4 30. Ba4 Nf6 31. Nd4 Bd5 32.
Nxe6 Bxe6 33. Qxe6+ Qxe6 34. Rxe6 Kh8 35. f3 b5 36. Bb3 Rfe8 37. Rxa6 Ra8 38. Rb6 Rxa3 39. Bf7 Rf8 40. Bg6 f4 41. Bxf4 Nd5 42. Bd6 Nxb6 43. Bxf8 Nd5 44. Bf7 Nf4 45. Bd6 Ra1+ 46. Kh2 Nd3 47. Be8 Rb1 48. Bxb5 Nxb4 49. Be8 Nc2 50.
Kg3 Rb2 51. Be5 Rb7 52. Bc6 Rb6 53. Be4 Ne3 54. Kf4 Nc4 55. Bd4 Rd6 56. Bc5 Rf6+ 57.
Kg3 Ne5 58. Bd4 Re6 59. Bd5 Re7 60. Bc5 Rd7 61. Be4 Nf7 62. Kf4 Rc7 63. Bd4 Nd6 64.
Bd5 Rc8 65. Be5 Rd8 66. Be6 Ne8 67. Bf7 Nf6 68. g4 Nh7 69. Kf5 Ng5 70. Bc4 1-0

[Event "Late-Titled-Tuesday-Blitz-June-04-2024"]
[Site "Chess.com"]
[Date "2024.06.04"]
[Round "1"]
[White "jaskol95"]
[Black "ChessFanNM"]
[Result "1/2-1/2"]
[WhiteElo "2571"]
[BlackElo "2259"]
[TimeControl "180+1"]
[EndTime "14:08:45 PDT"]
[Termination "Game drawn - insufficient material"]

1. e4 c6 2. d4 d5 3. exd5 cxd5 4. c4 Nf6 5. Nc3 g6 6. Nf3 Bg7 7. Bf4 O-O 8. c5 Ne4 9. Be2 Qa5 10. Qb3 Nc6 11. Rd1 Bg4 12. Be3 Bxf3 13. Bxf3 e5 14. Bxe4 exd4 15. Bxd5 dxe3 16. O-O Bxc3 17.
Qxc3 Qxc3 18. bxc3 e2 19. Rfe1 exd1=Q 20. Rxd1 Rad8 21.
c4 Ne5 22. Rb1 Rc8 23. f4 Nd3 24. Rxb7 Nxc5 25. Rxa7 Ne6 26. g3 Rc7 27. Ra6 Nc5 28.
Ra5 Rb8 29. Kf2 Re8 30. Kf3 h5 31. h3 Kg7 32. g4 hxg4+ 33. hxg4 Nd3 34. f5 Ne5+ 35. Kf4 Nxc4 36. Ra6 Ne3 37. Bb3 Nc2 38.
fxg6 fxg6 39. Kg5 Re5+ 40. Kf4 Rec5 41. Ra8 Rc8 42. Ra7+ R5c7 43. Ra6 Nb4 44. Rd6 Rf8+ 45. Kg3 Nc6 46. Bd5 Nb4 47. Be4 Rc3+ 48. Kg2 Rf6 49.
Rd7+ Rf7 50. Rd6 Rf6 51. Rd7+ Kh6 52. Rb7 Nd3 53. Rb5 Rc5 54. Bxd3 Rxb5 55. Bxb5 Kg5 56. Kg3 Rf4 57. Bd7 Rd4 58. Be6 Rd3+ 59. Kf2 Rd2+ 60.
Ke3 Rg2 61. a4 Rg3+ 62. Kd4 Ra3 63. Bd7 Kf4 64. Kc5 g5 65. Kb6 Rxa4 66. Bxa4 Kxg4 67. Kc5 Kf4 68. Kd4 g4 69. Bd7 g3 70. Bh3 Kf3 71. Kd3 Kf2 72. Ke4 g2 73. Bxg2 1/2-1/2

[Event "Late-Titled-Tuesday-Blitz-June-04-2024"]
[Site "Chess.com"]
[Date "2024.06.04"]
[Round "1"]
[White "NoSpaghettiForYou"]
[Black "hansen"]
[Result "1-0"]
[WhiteElo "2533"]
[BlackElo "3048"]
[TimeControl "180+1"]
[EndTime "14:08:52 PDT"]
[Termination "NoSpaghettiForYou won on time"]

1. Nc3 c5 2. e4 e6 3. Nf3 a6 4. d4 cxd4 5. Nxd4 Qc7 6. Qf3 d6 7.
Bd3 Nd7 8. Qg3 Ngf6 9. Be3 b5 10.
a3 Bb7 11. O-O-O Ne5 12. Kb1 h5 13. f4 h4 14. Qe1 Nxd3 15. cxd3 Rc8 16. Qd2 Be7 17.
Rdg1 Ng4 18. f5 Nxe3 19. Qxe3 e5 20. Nc2 Qc5 21. Rc1 Qxe3 22. Nxe3 Bg5 23. Rhe1 Kd7 24.
Rc2 Bxe3 25. Rxe3 Ke7 26. Re1 Kf6 27. Rec1 Kg5 28. b4 Rc6 29. Kb2 Rhc8 30. Rd2 R6c7 31. d4 f6 32. d5 Rc4 33. Rd3 R8c7 34.
Rcd1 Bc8 35. R1d2 g6 36. g4 Rg7 37. h3 Bd7 38. Rf2 Rg8 39. Re3 Rgc8 40. fxg6 Kxg6 41. Ref3 Rf8 42. Kb3 Rd4 43. Rg2 Kg5 44. Rgf2 Rc4 45.
Re3 Rcc8 46. Ne2 Rc4 47. Ng1 Kg6 48. Nf3 Rh8 49. Nd2 Rcc8 50. Ref3 Rcf8 51. Rc3 Rc8 52. Rcf3 Rhf8 53. Re3 Rf7 54. Nf3 Rh7 55. Nd2 Rh6 56.
Ref3 Rf8 57. Re3 Be8 58. Rc3 Rh7 59. Nf3 Rfh8 60. Ne1 Kg7 61. Ng2 Bg6 62. Rc7+ Kh6 63. Rxh7+ Kxh7 64. Rxf6 Bxe4 65. Ne3 Kg7 66. Rxd6 Rf8 67.
Kb2 Rf3 68. Nd1 Rxh3 69. Re6 Rg3 70. Rxe5 Bg6 71. Nc3 Rd3 72. Re7+ Kf6 73. Re6+ Kg5 74. Re5+ Kf4 75. Re6 Kg5 76. d6 h3 77. Re5+ Kf6 78. Rd5 h2 79. d7 1-0

[Event "Late-Titled-Tuesday-Blitz-June-04-2024"]
[Site "Chess.com"]
[Date "2024.06.04"]
[Round "1"]
[White "Timurist"]
[Black "AldokhinIvan"]
[Result "0-1"]
[WhiteElo "2353"]
[BlackElo "2664"]
[TimeControl "180+1"]
[EndTime "14:08:53 PDT"]
[Termination "AldokhinIvan won on time"]

1. e4 c5 2. Nc3 e6 3. Nge2 a6 4. g3 Nc6 5. Bg2 g6 6. O-O Bg7 7. d3 Nge7 8. Bg5 h6 9. Be3 Nd4 10.
Qd2 d6 11. Nd1 b5 12. c3 Nxe2+ 13. Qxe2 O-O 14. f4 Bb7 15. Nf2 Qd7 16. Rad1 f5 17. e5 Bxg2 18. Kxg2 dxe5 19. fxe5 Qd5+ 20. Qf3 Qxe5 21. Rfe1 Qd6 22. d4 c4 23. Bf4 Qd5 24.
Qxd5 Nxd5 25. Rxe6 g5 26. Bd6 Rfe8 27. Rde1 Rxe6 28.
Rxe6 Kf7 29. Re1 Rd8 30. Bc5 h5 31. Nd1 Re8 32. Rxe8 Kxe8 33. Kf2 Kf7 34. Ne3 Ke6 35.
Nxd5 Kxd5 36. Be7 Bh6 37. Ke2 g4 38. Bb4 f4 39. b3 f3+ 40. Kf2 Bd2 41. h3 Ke4 42. hxg4 hxg4 43. bxc4 bxc4 44. Kf1 Be3 45. Be7 Bc1 46. Bb4 Bd2 47. a3 Be3 48. a4 Bg5 49.
Bf8 Bd8 50. Bb4 Bc7 51. Bc5 Bxg3 52. Be7 Bf4 53. Bh4 Bd2 54. Be1 Be3 55. Bf2 Bf4 56. Bg1 g3 57. Bf2 g2+ 58. Kg1 Bd6 59. Be1 Kd3 60.
Bf2 Ke2 61. d5 Be5 62. Bc5 Bc7 63. Bd4 Bd6 64. a5 Bg3 65. Bc5 Bc7 66. Bd4 Bxa5 67. d6 Bd8 68. d7 a5 69. Bc5 a4 70. Bd6 f2+ 71. Kxg2 f1=Q+ 72. Kg3 Qf3+ 0-1

[Event "Late-Titled-Tuesday-Blitz-June-04-2024"]
[Site "Chess.com"]
[Date "2024.06.04"]
[Round "1"]
[White "djano"]
[Black "rikchessmx"]
[Result "1/2-1/2"]
[WhiteElo "2628"]
[BlackElo "2341"]
[TimeControl "180+1"]
[EndTime "14:08:53 PDT"]
[Termination "Game drawn by repetition"]

1. e4 e5 2. Nf3 Nc6 3. d4 exd4 4. Bc4 d6 5. Nxd4 Nf6 6. Nc3 Be7 7. h3 O-O 8. Bf4 Ne5 9. Be2 Ng6 10. Be3 c6 11.
O-O Qc7 12. f4 Re8 13. a4 Bf8 14. Bf3 a5 15. Qe1 b6 16. Qf2 Ba6 17. Rfe1 Rab8 18. e5 dxe5 19. Nxc6 exf4 20. Bd4 Rxe1+ 21. Rxe1 Re8 22.
Rxe8 Nxe8 23. Bxb6 Qd7 24. Bxa5 Nd6 25. Nb8 Qc8 26. Nxa6 Qxa6 27. Qb6 Qc8 28. Qc6 Qf5 29. Bb4 Qe5 30. Bxd6 Bxd6 31. Qa8+ Nf8 32. Qe4 Bc5+ 33.
Kh2 Qd6 34. Qd5 Qb6 35. Ne2 Be3 36. Qb5 Qf6 37. a5 Bf2 38. Qc6 Qe5 39. a6 Bg3+ 40. Kh1 Qe3 41. Qd5 Qf2 42. Qd1 Qb6 43. Nxg3 fxg3 44.
Qa1 Qa7 45. b4 Ne6 46. b5 Nc7 47. b6 Qxb6 48. a7 g6 49. a8=Q+ Nxa8 50. Qxa8+ Kg7 51. Qa1+ Kh6 52. Qc1+ Kg7 53. Qd1 Qf2 54. Qa1+ f6 55. c4 Qc5 56. Qc1 h5 57. Bd5 h4 58. Qb1 Qe3 59.
Qg1 Qc3 60. c5 g5 61. Bf3 f5 62. c6 Kg6 63. Qd1 Qc5 64. Qe1 Kf6 65. Qa1+ Ke7 66. Qg7+ Kd6 67. Qd7+ Ke5 68. Qd5+ Qxd5 69. Bxd5 Kd6 70.
Kg1 g4 71. hxg4 fxg4 72. Kf1 h3 73. Kg1 h2+ 74. Kh1 Kc7 75. Be6 Kxc6 76. Bxg4 Kc5 77.
Bh3 Kd4 78. Bg4 Ke3 79. Bf3 Kf2 80. Bh5 Kf1 81. Bf3 Kf2 82. Bh5 Kf1 83. Bf3 Kf2 1/2-1/2

[Event "Late-Titled-Tuesday-Blitz-June-04-2024"]
[Site "Chess.com"]
[Date "2024.06.04"]
[Round "1"]
[White "Fore_Man"]
[Black "Attacker_2006"]
[Result "1-0"]
[WhiteElo "2228"]
[BlackElo "2545"]
[TimeControl "180+1"]
[EndTime "14:08:54 PDT"]
[Termination "Fore_Man won by resignation"]

1. Nf3 c5 2. g3 Nc6 3. Bg2 g6 4.
O-O Bg7 5. c4 e5 6. d3 Nge7 7. Nc3 O-O 8. Nd2 d6 9. b3 f5 10. Bb2 Be6 11. a3 d5 12. cxd5 Nxd5 13. Nxd5 Bxd5 14. Bxd5+ Qxd5 15. Qc2 Nd4 16. Bxd4 cxd4 17.
Qc4 Qxc4 18. Nxc4 b5 19. Na5 Rfc8 20. Rac1 Bh6 21. Rc6 Bd2 22. b4 e4 23. Rd1 Bc3 24. e3 Rxc6 25. Nxc6 dxe3 26. fxe3 Bb2 27. d4 Kf7 28. d5 Ke8 29. Kf1 Bxa3 30. Rb1 Kd7 31.
Nd4 a5 32. bxa5 b4 33. Nc6 Kd6 34. Nxb4 Rb8 35. a6 Bxb4 36. a7 Ra8 37. Rxb4 Rxa7 38.
Rb5 Rc7 39. h4 Ke5 40. Kf2 Rd7 41. Ke2 h6 42. Rb6 Rd6 43. Rb8 Rxd5 44. Rg8 Kf6 45.
Rb8 Rd6 46. Rb7 g5 47. hxg5+ Kxg5 48. Rg7+ Rg6 49. Rf7 Kg4 50. Kf2 Kh3 51. Rxf5 Rxg3 52. Rh5+ Kg4 53. Rxh6 Rf3+ 54. Ke2 Rh3 55. Rf6 Rh2+ 56.
Ke1 Kg3 57. Rf4 Rh1+ 58. Kd2 Rh2+ 59. Kc3 Re2 60. Kd4 Rd2+ 61. Kxe4 Ra2 62. Rf7 Ra4+ 63.
Kf5 Kf3 64. Re7 Ra5+ 65. Kf6 Ra6+ 66. Kf5 Ra3 67. e4 Ra5+ 68. e5 Ke3 69. Kf6 Ke4 70. e6 Kd5 71. Rd7+ Kc6 72. Rd1 Ra3 73. e7 Re3 74. Rd8 Kc7 75. e8=Q 1-0

[Event "Late-Titled-Tuesday-Blitz-June-04-2024"]
[Site "Chess.com"]
[Date "2024.06.04"]
[Round "1"]
[White "penguingm1"]
[Black "guillembaches"]
[Result "1-0"]
[WhiteElo "2934"]
[BlackElo "2501"]
[TimeControl "180+1"]
[EndTime "14:08:57 PDT"]
[Termination "penguingm1 won on time"]

1. d4 Nf6 2. c4 e6 3. Nc3 Bb4 4.
Qc2 d6 5. Nf3 Nbd7 6. Bd2 O-O 7.
a3 Bxc3 8. Bxc3 Qe7 9. e3 b6 10.
Nd2 c5 11. Bd3 Bb7 12. O-O Rac8 13. b4 h6 14. Rac1 Rfe8 15. Qb2 Red8 16. Rfd1 Ba8 17. f3 d5 18. dxc5 bxc5 19. b5 e5 20. Qc2 d4 21. exd4 exd4 22. Re1 Qd6 23. Ba5 Re8 24. a4 Ne5 25. Bf5 Rb8 26. Qb3 Ng6 27. Nf1 Nf4 28. Ng3 g6 29. Bb1 h5 30. Bd2 h4 31. Ne4 Nxe4 32. fxe4 h3 33. Qg3 g5 34.
Qxg5+ Ng6 35. e5 Rxe5 36. Rxe5 Qxe5 37. Bxg6 Qxg5 38. Bxg5 fxg6 39. gxh3 Re8 40. a5 Re2 41. Rb1 Rg2+ 42. Kf1 Rxg5 43. b6 axb6 44. Rxb6 Rf5+ 45. Ke1 Rf8 46. Rxg6+ Kf7 47. Rg5 Ke6 48. Rxc5 d3 49. a6 Kd6 50. Rg5 Rd8 51. Kd2 Kc6 52. h4 Rh8 53. h5 Kb6 54. Kxd3 Kxa6 55. Rg6+ Kb7 56. h6 Kc7 57. Kd4 Bf3 58. Ke5 Be2 59. c5 Bd3 60. Rd6 Bc2 61. h4 Rh7 62. Rf6 Re7+ 63. Kf4 Rh7 64. Kg5 Kd7 65. Ra6 Kc8 66. c6 Kb8 67. Ra2 Bd3 68. Rd2 Be4 69. Rd7 Rh8 70. c7+ Kc8 71.
Rg7 Bb7 72. h7 Bd5 73. h5 Kb7 74. Kf6 Be4 75. c8=Q+ Kxc8 76. Rg8+ 1-0

[Event "Late-Titled-Tuesday-Blitz-June-04-2024"]
[Site "Chess.com"]
[Date "2024.06.04"]
[Round "1"]
[White "garfield_pg"]
[Black "Kirill_Klukin"]
[Result "1-0"]
[WhiteElo "2478"]
[BlackElo "2816"]
[TimeControl "180+1"]
[EndTime "14:08:58 PDT"]
[Termination "garfield_pg won by resignation"]

1. d4 Nf6 2. Bf4 d5 3. e3 c5 4. Nf3 Nc6 5. Nbd2 Qb6 6. dxc5 Qxb2 7. Rb1 Qc3 8. Bb5 e6 9. O-O Qxc5 10. c4 Be7 11. Ne5 Bd7 12. Nxd7 Nxd7 13. cxd5 Qxd5 14. Bc4 Qc5 15. Rxb7 Nb6 16. Bb3 Rd8 17. Qe2 O-O 18.
Ne4 Qa3 19. h3 Nd5 20. Bg3 Nf6 21. Nxf6+ Bxf6 22. Qb5 Ne7 23. Rc7 Nd5 24. Rc4 Nc3 25. Qc6 Nd5 26. Qb7 Qb2 27. Qxa7 Nc3 28. Qc5 Ne2+ 29.
Kh2 Nxg3 30. Kxg3 Be5+ 31. f4 Bf6 32. Rc2 Rd5 33. Bxd5 Qb8 34. Bf3 e5 35. Kh2 exf4 36.
e4 Be5 37. a3 h6 38. Qb4 Qa8 39. Rd1 Re8 40. Qb5 Re7 41. Qc6 Qa7 42. Qd5 Kh7 43.
Qd8 Bf6 44. Rc8 Kg6 45. Qd6 Qf2 46. Qd2 Qg3+ 47. Kh1 Qh4 48. Qe1 Qg5 49. Rd5 Be5 50. Rcc5 Kh7 51. Qa5 f6 52. Rc8 Rb7 53. Qe1 Qg6 54.
Bg4 Qg5 55. Bf5+ g6 56. Bg4 h5 57. Bf3 Rb2 58. Rcd8 Rb7 59. R5d7+ Rxd7 60. Rxd7+ Kh6 61. Qf2 Bc3 62. Rd5 Be5 63. a4 h4 64. a5 f5 65.
a6 Qe7 66. Qb6 Bd4 67. Qxd4 Qa3 68. Qd3 Qc1+ 69. Qd1 Qa3 70. exf5 Qxa6 71. f6 Qa7 72. f7 Qxf7 73. Qe1 Qf6 74. Re5 Kg7 75. Re6 Kh6 76. Rxf6 Kg5 77. Rxg6+ Kxg6 78. Qxh4 Kf5 79. Qg4+ Ke5 80.
Qg5+ 1-0

[Event "Late-Titled-Tuesday-Blitz-June-04-2024"]
[Site "Chess.com"]
[Date "2024.06.04"]
[Round "1"]
[White "moro182"]
[Black "ericovski"]
[Result "0-1"]
[WhiteElo "2900"]
[BlackElo "2581"]
[TimeControl "180+1"]
[EndTime "14:08:59 PDT"]
[Termination "ericovski won by checkmate"]

1. d4 Nf6 2. Bf4 g6 3. Nc3 d5 4.
Nb5 Na6 5. e3 Bg7 6. h3 O-O 7.
Nf3 c6 8. Nc3 Nc7 9. Be5 Nd7 10.
Bxg7 Kxg7 11. Bd3 Re8 12. e4 dxe4 13. Nxe4 Nf6 14. O-O Nxe4 15. Bxe4 Nd5 16. Re1 Nf6 17. c3 Qc7 18. Ne5 c5 19. Qb3 e6 20. Bf3 Rb8 21. Rad1 cxd4 22. Rxd4 Bd7 23. Qc4 Qxc4 24. Nxc4 Bc6 25. Bxc6 bxc6 26. Rd6 Rec8 27. Re2 Kf8 28. Ne5 c5 29. f3 Ke7 30. Red2 Rb7 31. Nc6+ Kf8 32. Rd8+ Rxd8 33. Rxd8+ Kg7 34. Rd2 Nd5 35. Ne5 Kf6 36. Ng4+ Ke7 37. Ne5 f6 38. Nc4 Rd7 39. Kf2 Nb6 40. Rxd7+ Kxd7 41. Ne3 Na4 42. Nd1 h5 43. Ke3 Kd6 44. Kd3 Nb6 45. Ne3 Nd5 46. Nc4+ Kc6 47. g3 h4 48. gxh4 Nf4+ 49. Ke3 Nxh3 50.
Nd2 e5 51. c4 f5 52. b3 Nf4 53. Kf2 a5 54. Nf1 Nd3+ 55. Ke3 Nc1 56. f4 Kd6 57. Ng3 Ke6 58. h5 g5 59. h6 exf4+ 60. Kf3 Nd3 61. h7 Ne5+ 62. Kg2 Ng6 63. Nh5 Kf7 64. Kf3 Nh8 65. Nxf4 gxf4 66. Kxf4 Kg6 67. a3 Nf7 68. a4 Nh8 69. Ke5 Kg5 70. Kd5 f4 71. Kxc5 f3 72. Kb6 f2 73. c5 f1=Q 74.
c6 Qd3 75. c7 Qxb3+ 76. Kxa5 Qc4 77. Kb6 Qb4+ 78. Kc6 Qxa4+ 79. Kb7 Qb5+ 80. Kc8 Kf6 81. Kd8 Qd5+ 82. Kc8 Ke6 83. Kb8 Qb5+ 84. Kc8 Kd6 85. Kd8 Qd7# 0-1